AoeStats
← Sword

Black Forest

508732734Analyzed
4v4 RM · 10d ago on Sep 23, 2026· 52m 1s· 8 players
Game mode
Random Map
Map size
Large (8 player)
Population
200
Speed
Normal
Resources
Standard
Victory
Conquest
Starting age
Dark Age
Ending age
Imperial Age
RankedLock teamsTeams togetherTeam positionsShared explorationLock speedFull tech treeHidden civsTurbo modeCheats
Victory
Defeat
🇬🇧 Goths · United Kingdom
1189
+16
🇩🇪 Persians · Germany
1179
+16
🇩🇪 Italians · Germany
1151
+17
🇩🇪 Danes · Germany
1111
+19
🇵🇰 Mongols · Pakistan
1376
-25
🇬🇧 Chinese · United Kingdom
1184
-17
🇬🇧 Ethiopians · United Kingdom
1164
-16
🇲🇽 Britons · Mexico
1000
-34
Crackhörnchen
11:21 Feudal Age
11:42 Loom
15:26 Castle Age
13:36 Double-Bit Axe
14:44 Horse Collar
29:53 Imperial Age
28:01 Wheelbarrow
28:27 Forging
29:15 Arson
29:31 Squires
29:17 Gambesons
29:41 Hamask
30:59 Iron Casting
30:24 Scale Mail Armor
31:04 Conscription
30:19 Onager
31:59 Bow Saw
33:13 Northmen's Fury
33:16 Elite Jomsviking
34:28 Hand Cart
34:00 Town Watch
36:06 Blast Furnace
35:22 Chain Mail Armor
36:16 Fletching
38:12 Siege Onager
40:20 Siege Engineers
41:22 Chemistry
49:36 Ballistics
Green Assassin
0:27 Loom
13:04 Feudal Age
18:47 Castle Age
16:41 Double-Bit Axe
17:52 Wheelbarrow
18:09 Horse Collar
18:44 Bloodlines
19:09 Gold Mining
20:58 Husbandry
27:33 Heavy Plow
29:01 Bow Saw
31:18 Hand Cart
33:48 Imperial Age
32:01 Forging
33:39 Scale Barding Armor
34:10 Iron Casting
33:44 Cavalier
34:50 Chain Barding Armor
34:42 Caravan
35:06 Savar
36:29 Plate Barding Armor
37:00 Blast Furnace
37:29 Conscription
40:09 Light Cavalry
41:27 Hussar
46:09 Chemistry
46:41 Padded Archer Armor
46:31 Fletching
46:57 Masonry
46:42 Murder Holes
47:08 Ballistics
47:24 Crop Rotation
47:57 Two-Man Saw
47:35 Gold Shaft Mining
46:50 Stone Mining
48:08 Fervor
noziemann
0:30 Loom
12:28 Feudal Age
17:21 Castle Age
15:16 Double-Bit Axe
19:49 Town Watch
20:37 Bow Saw
26:56 Wheelbarrow
28:18 Horse Collar
32:31 Imperial Age
29:57 Fletching
30:22 Town Patrol
30:45 Masonry
30:54 Hand Cart
30:56 Bodkin Arrow
31:32 Scale Barding Armor
31:39 Bloodlines
31:30 Husbandry
33:23 Bracer
35:21 Chemistry
34:36 Pirotechnia
34:47 Conscription
34:28 Gold Mining
36:11 Two-Man Saw
35:38 Chain Barding Armor
34:40 Cavalier
34:59 Elite Skirmisher
37:34 Plate Barding Armor
37:27 Forging
39:41 Iron Casting
41:25 Light Cavalry
41:52 Elite Genoese Crossbowman
42:36 Padded Archer Armor
42:41 Hussar
47:38 Blast Furnace
47:31 Ballistics
49:14 Architecture
WWWW2015
1:00 Loom
11:50 Feudal Age
12:06 Man-at-Arms
12:37 Double-Bit Axe
12:34 Horse Collar
19:58 Castle Age
18:51 Stone Mining
19:38 Gold Mining
21:07 Bow Saw
22:04 Heavy Plow
23:41 Wheelbarrow
25:01 Fletching
25:14 Scale Mail Armor
26:29 Hand Cart
26:48 Bodkin Arrow
31:23 Imperial Age
29:57 Forging
30:02 Chain Mail Armor
29:47 Town Watch
30:56 Masonry
31:22 Anarchy
32:54 Architecture
32:38 Squires
33:02 Elite Huskarl
33:53 Pikeman
35:23 Bracer
36:56 Iron Casting
37:59 Elite Huskarl
40:23 Conscription
40:08 Halberdier
41:51 Blast Furnace
HYPNOS
0:28 Loom
14:51 Feudal Age
21:16 Castle Age
19:59 Double-Bit Axe
20:23 Horse Collar
20:53 Stone Mining
21:06 Gold Mining
21:14 Gold Mining
24:15 Heavy Plow
24:38 Bow Saw
27:02 Wheelbarrow
30:17 Caravan
35:45 Imperial Age
34:26 Gold Shaft Mining
36:23 Masonry
37:29 Chemistry
37:50 Ballistics
38:38 Two-Man Saw
37:54 Murder Holes
39:07 Architecture
Sword
10:26 Feudal Age
10:31 Feudal Age
15:08 Castle Age
13:08 Double-Bit Axe
16:48 Horse Collar
17:49 Heavy Plow
24:28 Town Watch
25:19 Wheelbarrow
25:38 Stone Mining
25:38 Gold Mining
26:16 Bow Saw
27:27 Coinage
27:20 Caravan
27:32 Gold Mining
31:19 Imperial Age
28:59 Scale Barding Armor
30:36 Chain Barding Armor
31:10 Hand Cart
30:40 Loom
30:41 Town Watch
31:25 Elite Mangudai
32:26 Conscription
31:57 Fletching
32:08 Padded Archer Armor
33:24 Ballistics
34:05 Chemistry
33:02 Bodkin Arrow
33:22 Leather Archer Armor
33:19 Thumb Ring
33:39 Parthian Tactics
33:31 Bloodlines
33:21 Husbandry
34:11 Bracer
33:34 Light Cavalry
35:15 Gold Shaft Mining
34:15 Capped Ram
35:23 Drill
35:21 Forging
34:42 Hussar
35:47 Town Patrol
36:31 Banking
37:03 Iron Casting
36:46 Fortified Wall
36:47 Masonry
36:31 Siege Ram
41:01 Blast Furnace
41:27 Elite Steppe Lancer
Curryfortea
11:19 Feudal Age
15:03 Castle Age
13:49 Double-Bit Axe
15:08 Crossbowman
18:39 Fletching
18:58 Loom
21:41 Bow Saw
23:26 Wheelbarrow
24:50 Horse Collar
30:38 Imperial Age
29:12 Bodkin Arrow
29:17 Padded Archer Armor
29:39 Hand Cart
29:35 Town Watch
30:40 Ballistics
30:53 Heavy Plow
32:08 Bracer
32:25 Leather Archer Armor
34:37 Chemistry
35:45 Arbalester
38:57 Ring Archer Armor
38:54 Scale Mail Armor
38:34 Halberdier
39:15 Squires
39:51 Thumb Ring
41:30 Chain Mail Armor
41:25 Forging
Tey
5:47 Loom
17:11 Feudal Age
19:29 Wheelbarrow
18:37 Horse Collar
18:46 Double-Bit Axe
25:01 Gold Mining
25:04 Stone Mining
28:39 Castle Age
28:45 Castle Age
27:24 Fletching
29:47 Hand Cart
29:35 Heavy Plow
29:48 Bow Saw
32:03 Bodkin Arrow
34:45 Gold Shaft Mining
40:26 Coinage
41:32 Padded Archer Armor
44:07 Imperial Age
Connection lost

Rejoining the realm…

Still unreachable

The connection could not be restored.

Session expired

The server has moved on; the page needs a fresh start.